 Dungeon Crawl Stone Soup version 0.32-a0-918-g0f22ef8d61 (console) character file.

Game seed: 3684000691569053697

988 Natenado the Magician (level 8, -17/50 HPs)
             Began as a Djinni Fire Elementalist on Apr 11, 2024.
             Was a Follower of Ashenzari.
             Killed from afar by an acid dragon (29 damage)
             ... with a splash of acid
             ... on level 6 of the Dungeon.
             The game lasted 00:21:19 (4035 turns).

Natenado the Magician (Djinni Fire Elementalist)    Turns: 4035, Time: 00:21:20

Health: -17/50     AC:  2    Str:  7    XL:     8   Next: 41%
Gold:   180        EV: 11    Int: 18    God:    Ashenzari [*.....] SH:  0 Dex: 15

rFire   + + .        g - +0 whip {Self, Melee} (curse)
rCold   x . .        (no shield)
rNeg    . . .        a - +0 robe "Gnostic Sybil" {Elem, Sorc} (curse)
rPois   ∞            (no helmet)
rElec   .            (no cloak)
rCorr   .            (no gloves)
SInv    .            (boots unavailable)
Will    .....        (no amulet)
Stlth   ++           (no ring)
HPRegen 0.28/turn    (no ring)

%: infuse magic (-18 HP)
@: flying
A: sickness immunity, fire resistance 2, cold vulnerability 1, float, innate
caster, HP casting, extra vitality 1
a: Renounce Religion, Curse Item, Shatter the Chains


You were on level 6 of the Dungeon.
You worshipped Ashenzari.
Ashenzari was aware of your devotion.
You visited 1 branch of the dungeon, and saw 6 of its levels.

You collected 180 gold pieces.

Inventory:

Hand Weapons
 g - the cursed +0 whip "Unveiling Sorrow" (weapon) {Self, Melee}
   (You took it off a kobold on level 2 of the Dungeon)

   It has a curse which improves the following skills: Introspection: Fighting
   and Spellcasting.
   Melee Combat: Short Blades, Long Blades, Axes, Maces & Flails, Polearms,
   Staves and Unarmed Combat.
 k - a +0 whip
Armour
 a - the cursed +0 robe "Gnostic Sybil" (worn) {Elem, Sorc}

   It has a curse which improves the following skills: Elements: Fire Magic, Ice
   Magic, Air Magic and Earth Magic.
   Sorcery:   Conjurations and Alchemy.
Talismans
 c - a beast talisman
Scrolls
 h - 4 scrolls of fear
 i - 2 scrolls of teleportation
 j - a scroll of brand weapon
 l - a scroll of fog
 n - a scroll of vulnerability
 o - 3 scrolls of summoning
Potions
 b - 3 potions of curing
 d - a potion of might
 f - a potion of degeneration
 m - a potion of haste
 p - a potion of brilliance


   Skills:
 - Level 2.1 Dodging
 - Level 1.5 Stealth
 + Level 7.9(8.7) Spellcasting
 + Level 7.9(8.7) Conjurations
 + Level 7.9 Hexes
 + Level 7.9 Summonings
 + Level 7.9 Necromancy
 + Level 7.9 Translocations
 + Level 7.9(8.7) Fire Magic
 + Level 7.9(8.7) Ice Magic
 + Level 7.9(8.7) Air Magic
 + Level 7.9(8.7) Earth Magic
 + Level 7.9(8.7) Alchemy


You knew the following spells:

 Your Spells              Type           Power      Damage    Failure   Level
a - Foxfire               Conj/Fire      100%       2x1d9     1%          1
b - Scorch                Fire           78%        2d8       1%          2
c - Volatile Blastmotes   Fire/Tloc      74%        2d16      1%          3
d - Inner Flame           Hex/Fire       37%        N/A       1%          3
e - Flame Wave            Conj/Fire      39%        2d11      2%          4
f - Kiss of Death         Conj/Necr      100%       2d13      1%          1
g - Searing Ray           Conj           78%        2d7       1%          2
h - Tukima's Dance        Hex            36%        N/A       1%          3
Your spell library was empty.

Dungeon Overview and Level Annotations

Branches:
Dungeon (6/15)
 Temple: D:4-7

Altars:
Ashenzari
Ru

Annotations:
D:4 Edmund
D:6 Pikel


Innate Abilities, Weirdness & Mutations

You are immune to sickness and miasma.
You are immune to poison.
Your flesh is very heat resistant. (rF++)
You are vulnerable to cold. (rC-)
You float through the air rather than walking.
You learn spells naturally, not from books.
Your magical power is your life essence.
You have superior vitality. (+4 MHP)


Message History

The fiery explosion engulfs the gnoll bouda!!!
The gnoll bouda is burned terribly!
You kill the gnoll bouda!
The fiery explosion engulfs the iguana!!
You kill the iguana!
The fiery explosion engulfs the adder!!!
You kill the adder!
You hear a shout!
You hear a roar!
You hear a bark!
You hear a shout! x2
An orc warrior comes into view. It is wielding a +0 mace.
Pikel, Merchant of Souls comes into view.
He is wielding a +2 whip of flaming and carrying a wand of paralysis.
Pikel shouts!
An orc comes into view. It is wielding a +0 dagger.
A lemure comes into view.
The centaur shouts!
The centaur shoots an arrow.
The arrow hits you!
* * * LOW HITPOINT WARNING * * *
An acid dragon comes into view.
The lemure moves out of view.
Blink to where?
Press: ? - help, Dir - move target
As you read the scroll of blinking, it crumbles to dust.
Casting: Scorch (safe; 1% risk of failure)
Confirm with . or Enter, or press ? or * to list all spells.
A cloud of volatile blastmotes flares up around you!
Run!
* * * LOW HITPOINT WARNING * * *
The cloud of blastmotes explodes!
The concussive blast engulfs the orc warrior!!
The orc warrior is severely wounded.
You hear a shout! x2
Casting: Volatile Blastmotes (safe; 1% risk of failure)
Confirm with . or Enter, or press ? or * to list all spells.
A cloud of volatile blastmotes flares up around you!
Run!
* * * LOW HITPOINT WARNING * * *
The cloud of blastmotes explodes!
The concussive blast engulfs the orc warrior!
You kill the orc warrior!
The acid dragon spits acid at you. The splash of acid hits you!!
Ouch! That really hurt!
You die...

### #.#
###################.#
#........@..)..Dc..o#
###.###############.#
#<....# #.# ##.##.#
#.# #.# .# #§# #.# .#
#o# #... #.# ..
......)oD..... #.# ..
.............. #.#
.## ...#..........
#.# .# ............).
........##...


You could see an acid dragon (catching breath) and a centaur.

Vanquished Creatures
  An orc warrior (D:6)
  An ice beast (D:5)
  2 ogres
  A phantom (D:3)
  2 scorpions
  5 killer bees (D:5)
  An orc priest (D:5)
  A gnoll bouda (D:6)
  3 iguanas
  An orc wizard (D:5)
  6 adders
  3 gnolls (D:6)
  2 ufetubi (D:5)
  3 dart slugs
  6 orcs (D:5)
  7 endoplasms
  2 giant cockroaches
  4 goblins
  3 hobgoblins
  2 jackals (D:5)
  4 quokkas
  4 ball pythons
  16 bats
  5 frilled lizards
  8 kobolds
  A rat (D:3)
94 creatures vanquished.

Vanquished Creatures (others)
  A dancing weapon (D:5)
  289 foxfires
290 creatures vanquished.

Grand Total: 384 creatures vanquished

Notes
Turn   | Place    | Note
-------+----------+-------------------------------------------
     0 | D:1      | Natenado the Djinni Fire Elementalist began the quest for
                  | the Orb.
     0 | D:1      | Natenado set off with the following spells memorised:
                  | Foxfire, Scorch, Volatile Blastmotes, Inner Flame, Flame
                  | Wave.
     0 | D:1      | Reached XP level 1. HP: 15/15 MP: 0/0
   310 | D:1      | Reached XP level 2. HP: 20/21 MP: 0/0
   432 | D:1      | Found a faded altar of an unknown god.
   437 | D:1      | Prayed at the altar of an unknown god.
   437 | D:1      | Became a worshipper of Ashenzari the Shackled
   506 | D:1      | Reached XP level 3. HP: 24/25 MP: 0/0
   506 | D:1      | Learned a level 1 spell: Kiss of Death
  1517 | D:2      | Reached * piety under Ashenzari
  1683 | D:2      | Reached XP level 4. HP: 29/31 MP: 0/0
  1941 | D:4      | Noticed Edmund
  2024 | D:3      | Noticed a phantom
  2030 | D:3      | Killed a phantom
  2031 | D:3      | Reached XP level 5. HP: 27/35 MP: 0/0
  2031 | D:3      | Learned a level 2 spell: Searing Ray
  2100 | D:3      | Reached skill level 5 in Spellcasting
  2100 | D:3      | Reached skill level 5 in Conjurations
  2100 | D:3      | Reached skill level 5 in Hexes
  2100 | D:3      | Reached skill level 5 in Summonings
  2100 | D:3      | Reached skill level 5 in Necromancy
  2100 | D:3      | Reached skill level 5 in Translocations
  2100 | D:3      | Reached skill level 5 in Fire Magic
  2100 | D:3      | Reached skill level 5 in Ice Magic
  2100 | D:3      | Reached skill level 5 in Air Magic
  2100 | D:3      | Reached skill level 5 in Earth Magic
  2100 | D:3      | Reached skill level 5 in Alchemy
  2753 | D:4      | Found a sacrificial altar of Ru.
  3072 | D:5      | Entered Level 5 of the Dungeon
  3099 | D:5      | Noticed an ice beast
  3105 | D:5      | Killed an ice beast
  3106 | D:5      | Reached XP level 6. HP: 36/40 MP: 0/0
  3214 | D:5      | Noticed an ogre
  3226 | D:5      | Killed an ogre
  3227 | D:5      | Reached XP level 7. HP: 32/45 MP: 0/0
  3227 | D:5      | Learned a level 3 spell: Tukima's Dance
  3677 | D:5      | Reached XP level 8. HP: 18/50 MP: 0/0
  4022 | D:6      | Noticed Pikel
  4035 | D:6      | Killed from afar by an acid dragon

Illustrated notes

Levels and vault maps discovered:
D:1:      minmay_arrival_shattered_statue, layout_basic,
          shapermc_ecumenical_altar_venn
D:2:      layout_loops_cross
D:3:      layout_basic, minmay_misc_feat_enclosed, minmay_tree_intersection,
          roderic_batcave, minmay_shallow_snake_nest
D:4:      corexii_shantytown, layout_gridville, grunt_temple_overflow_open,
          uniq_edmund
D:5:      layout_cave_pools, vehumet_altar_wand_db
D:6:      lemuel_insect_pit, layout_basic, minmay_temple_entry_trees,
          kennysheep_windowed_goal, uniq_pikel, uniq_blork_the_orc, uniq_duvessa

Skill      XL: |  1  2  3  4  5  6  7 |
---------------+----------------------+-----
Spellcasting   | 4 5 6 7 |  7.9
Conjurations   | 4 5 6 7 |  7.9
Hexes          | 4 5 6 7 |  7.9
Summonings     | 4 5 6 7 |  7.9
Necromancy     | 4 5 6 7 |  7.9
Translocations | 4 5 6 7 |  7.9
Fire Magic     | 4 5 6 7 |  7.9
Ice Magic      | 4 5 6 7 |  7.9
Air Magic      | 4 5 6 7 |  7.9
Earth Magic    | 4 5 6 7 |  7.9
Alchemy        | 4 5 6 7 |  7.9
Dodging        | |  2.1
Stealth        | |  1.5

Action                     |  1- 3 |  4- 6 |  7- 9 || total
---------------------------+-------+-------+-------++-------
   Cast: Foxfire           |    96 |    48 |    39 ||   183
         Volatile Blastmot |       |    16 |     4 ||    20
         Flame Wave        |       |     2 |     1 ||     3
         Scorch            |       |     1 |    10 ||    11
         Searing Ray       |       |     1 |     3 ||     4
         Inner Flame       |       |       |     4 ||     4
         Tukima's Dance    |       |       |     2 ||     2
 Invoke: Curse Item        |     2 |       |       ||     2
    Use: Scroll            |       |     1 |     1 ||     2
 Armour: Robe              |     8 |    18 |    15 ||    41
  Dodge: Dodged            |     5 |     5 |    11 ||    21

Table legend: (Time is in decaauts)
 A = Elapsed time spent in this place.
 B = Non-inter-level travel time spent in this place.
 C = Inter-level travel time spent in this place.
 D = Time resting spent in this place.
 E = Time spent auto-exploring this place.
 F = Levels seen in this place.
 G = Mean time per level.
                   A        B        C        D        E       F      G
               +--------+--------+--------+--------+--------+-----+--------+
         Total |   4048 |   3637 |    411 |      0 |   2623 |   6 |  674.7 |
       Dungeon |   4048 |   3637 |    411 |      0 |   2623 |   6 |  674.7 |
               +--------+--------+--------+--------+--------+-----+--------+

Top non-repeatable levels by time:
     D:3: 1137 daAuts
     D:1: 1073 daAuts
     D:2: 758 daAuts
     D:5: 735 daAuts
     D:4: 258 daAuts
     D:6: 85 daAuts
